 Dungeon Crawl Stone Soup version 0.31.0-9-g3a7656b989 (webtiles) character file.

Game seed: 11937549705877303797

14 ProzacElf the Sneak (level 2, -1/24 HPs)
             Began as a Formicid Delver on Jan 25, 2024.
             Was an Initiate of Fedhas.
             Succumbed to a scorpion's poison
             ... on level 5 of the Dungeon.
             The game lasted 00:02:30 (481 turns).

ProzacElf the Sneak (Formicid Delver)                Turns: 481, Time: 00:02:31

Health: -1/24      AC:  3    Str: 16    XL:     2   Next: 55%
Magic:  2/2        EV: 12    Int:  9    God:    Fedhas [......]
Gold:   0          SH:  0    Dex: 15    Spells: 1/1 levels left

rFire   . . .        a - +0 spear
rCold   . . .        (no shield)
rNeg    . . .        g - +0 leather armour
rPois   .            (helmet unavailable)
rElec   .            (no cloak)
rCorr   .            (no gloves)
SInv    +            (no boots)
Will    .....        (no amulet)
Stlth   +++          (no ring)
HPRegen 0.24/turn    (no ring)
MPRegen 0.08/turn

%: no passive effects
@: lethally poisoned (-1 -> -9)
A: permanent stasis, dig shafts and tunnels, antennae 3, four strong arms
a: Dig, Shaft Self, Renounce Religion


You were on level 5 of the Dungeon.
You worshipped Fedhas.
Fedhas was noncommittal.
You visited 2 branches of the dungeon, and saw 2 of its levels.

Inventory:

Hand Weapons
 a - a +0 spear (weapon)
 b - a +0 sling
Armour
 g - a +0 leather armour (worn)
Wands
 f - a wand of digging (3)
Scrolls
 c - a scroll of fog
 d - a scroll of revelation
 e - a scroll of fear


   Skills:
 - Level 3.2 Fighting
 + Level 2.5 Polearms
 + Level 2.2 Dodging
 - Level 6.0 Stealth


You had one spell level left.
You didn't know any spells.
Your spell library was empty.

Dungeon Overview and Level Annotations

Branches:
Dungeon (5/15)             Temple (1/1) D:5

Altars:
Ashenzari
Dithmenos
Fedhas
Hepliaklqana
Kikubaaqudgha
Nemelex Xobeh
Okawaru
Qazlal
Sif Muna
Trog
Wu Jian
Lugonu

Annotations:
D:5 Menkaure


Innate Abilities, Weirdness & Mutations

You cannot be hasted, slowed, berserked, paralysed or teleported.
You can dig through walls and to a lower floor.
You have a pair of large antennae on your head. (SInv)
Your four strong arms can wield two-handed weapons with a shield.


Message History

Ye take 5 damage, an' haf 17/24 hp.
MASSIVE DAMAGE!!
Ye barely miss tha scorpion.
Tha scorpion be lightly wounded.
Ye feel sick.
Tha scorpion barely misses ye.
Tha scorpion stin's ye but does nay damage.
Ye take 2 damage, an' haf 15/24 hp.
Ye closely miss tha scorpion.
Tha scorpion be lightly wounded.
Ye feel sick.
Tha scorpion closely misses ye.
Ye take 2 damage, an' haf 13/24 hp.
Ye completely miss tha scorpion.
Tha scorpion be lightly wounded.
Ye feel sick.
Tha scorpion barely misses ye.
Ye hit tha scorpion.
Tha scorpion be moderately wounded.
Ye feel sick.
Tha scorpion barely misses ye.
Ye take 1 damage, an' haf 12/24 hp.
Ye hit tha scorpion.
Tha scorpion be moderately wounded.
Ye feel sick.
Tha scorpion barely misses ye.
Ye take 1 damage, an' haf 11/24 hp.
Ye hit tha scorpion but do nay damage.
Tha scorpion be moderately wounded.
Ye feel sick.
Tha scorpion stin's ye.
Ye take 3 damage, an' haf 8/24 hp.
Ye hit tha scorpion but do nay damage.
Tha scorpion be moderately wounded.
Ye feel sick.
Ye be nay longer poison'd.
Tha scorpion stin's ye.
* * * LOW HITPOINT WARNIN'
* * * Tha scorpion stin's ye.
* * * LOW HITPOINT WARNIN'
* * * Ye be leth'lly poison'd!
Tha scorpion poisons ye!
Ye take 7 damage, an' haf 1/24 hp.
MASSIVE DAMAGE!!
Ye hit tha scorpion but do nay damage.
Tha scorpion be moderately wounded.
Ye die...
Fedhas appreciates yer contribution ta tha ecosystem.

#### ##+#####..#
+...............#
#...........s@..#
#.....##....##..#
#.....###+####..#
#.....#.....#...#
#.....#.....#...#
Y
##.....#.....#...#
≈§
#......'..>..'...#
§..
#......#.....##..#
.≈._
##.....#.....##'##
≈.≈..


You could see a scorpion.

Vanquished Creatures
  2 ufetubi (D:5)
  A ribbon worm (D:5)
3 creatures vanquished.

Notes
Turn   | Place    | Note
-------+----------+-------------------------------------------
     0 | D:5      | ProzacElf the Formicid Delver began the quest for the Orb.
     0 | D:5      | Reached XP level 1. HP: 18/18 MP: 1/1
    25 | D:5      | Found a broken altar of Ashenzari.
   100 | D:5      | Reached XP level 2. HP: 2/24 MP: 2/2
   223 | D:5      | Noticed a bombardier beetle
   261 | D:5      | Noticed Menkaure
   387 | D:5      | Found a staircase to the Ecumenical Temple.
   394 | Temple   | Entered the Ecumenical Temple
   423 | Temple   | Became a worshipper of Fedhas Madash
   457 | D:5      | Found an ancient bone altar of Kikubaaqudgha.
   457 | D:5      | Noticed an ice beast
   469 | D:5      | Noticed a scorpion
   480 | D:5      | HP: 1/24 [scorpion (1)]
   481 | D:5      | Succumbed to a scorpion's poison

Illustrated notes

Levels and vault maps discovered:
D:5:      layout_gridville, lemuel_tele_altar,
          mainiacjoe_overflow_concentric_impassable, temple_green,
          minmay_misc_feat_diagonals, uniq_menkaure, uniq_blork_the_orc
Temple:   corrupted_temple

Skill      XL: |  1 |
---------------+----+-----
Dodging        | 2 |  2.2
Fighting       | |  3.2
Polearms       | |  2.5
Stealth        | |  6.0

Action                     || total
---------------------------++-------
  Melee: Spear             ||    39
         Punch             ||     1
 Armour: Leather armour    ||    29
  Dodge: Dodged            ||    19

Action                     || total
---------------------------++-------
  Melee: Spear             ||    39
         Punch             ||     1
 Armour: Leather armour    ||    29
  Dodge: Dodged            ||    19

Levels and vault maps discovered:
D:5:      layout_gridville, lemuel_tele_altar,
          mainiacjoe_overflow_concentric_impassable, temple_green,
          minmay_misc_feat_diagonals, uniq_menkaure, uniq_blork_the_orc
Temple:   corrupted_temple
